[Event "Team 45 45 League T62"]
[Site "Internet Chess Club"]
[Date "2014.10.17"]
[Round "8"]
[White "houseofcook"]
[Black "Berke"]
[Result "1/2-1/2"]
[WhiteElo "1484"]
[BlackElo "1600"]
[Opening "Caro-Kann: exchange, Rubinstein variation"]
[ECO "B13"]
[Time "13:00:34"]
[TimeControl "2700+45"]

1. e4 c6 2. d4 d5 3. exd5 cxd5 4. Bd3 Nc6 5. c3 Nf6 6. Bf4 Bg4 7. Qb3 Qc8 8. Nd2
e6 9. Ngf3 Be7 10. h3 Bh5 11. O-O O-O 12. Rfe1 Bg6 13. Bxg6 hxg6 14. Rac1 b6 15.
Qd1 Qd8 16. Bh2 Bd6 17. Bxd6 Qxd6 18. Ne5 Nh5 19. Qg4 Nxe5 20. dxe5 Qe7 21. Nf3
Rac8 22. Rcd1 Rc4 23. Rd4 Rxd4 24. Nxd4 Kh7 25. Nf3 f6 26. Qh4 Kg8 27. Qd4 fxe5
28. Nxe5 Rf6 29. g3 Qf8 30. Nd7 Qd6 31. Nxf6+ gxf6 32. Qg4 Kf7 33. Qe2 f5 {Game
drawn by mutual agreement} 1/2-1/2

[Event "Team 45 45 League T62"]
[Site "Internet Chess Club"]
[Date "2014.10.19"]
[Round "8"]
[White "HorseRadish"]
[Black "Gilguli"]
[Result "0-1"]
[WhiteElo "1350"]
[BlackElo "1448"]
[Opening "QGD: Albin counter-gambit, 5.g3"]
[ECO "D09"]
[Time "16:06:35"]
[TimeControl "2700+45"]

1. d4 d5 2. c4 e5 3. dxe5 d4 4. Nf3 Nc6 5. g3 Nge7 6. Bg2 Ng6 7. O-O Bg4 8. Qb3
Rb8 9. Bg5 Qd7 10. a4 h6 11. Bd2 Be7 12. Na3 Ncxe5 13. Nxe5 Nxe5 14. Rfe1 d3 15.
Qb5 Qxb5 16. cxb5 dxe2 17. Be4 O-O 18. Bf4 Nf3+ 19. Bxf3 Bxf3 20. Nc2 Rbd8 21.
Bxc7 Rd1 22. Be5 Rfd8 23. Ne3 Rxa1 24. Rxa1 Rd1+ 25. Nxd1 exd1=Q+ 26. Rxd1 Bxd1
27. a5 Be2 28. b6 a6 29. Bc3 Bf6 30. Bxf6 gxf6 31. f4 f5 32. Kf2 Bd3 33. Ke3 Be4
34. h4 Kf8 35. Kd4 Ke7 36. Kc5 Kd7 37. b3 h5 38. b4 Bc6 39. Kd4 Kd6 40. Kc4 Be4
41. Kd4 f6 42. Kc4 Kc6 43. Kb3 Kd5 44. Kc3 Kc6 45. Kc4 Bd5+ 46. Kc3 Kd6 47. Kd3
Bc6 48. Kc4 Bb5+ 49. Kd4 Bf1 50. Kc3 Kd5 51. Kd2 Kc4 52. Ke3 Kxb4 53. Kd4 Kxa5
54. Kd5 Kxb6 55. Ke6 Be2 56. Kxf5 Bg4+ 57. Kxf6 a5 58. f5 a4 59. Kg5 a3 60. f6
Be6 61. Kxh5 Bf7+ 62. Kh6 a2 63. Kg7 Bc4 64. f7 Bxf7 65. Kxf7 a1=Q 66. Kg6 Qh8
67. g4 Kc6 68. h5 Qg8+ 69. Kf5 Qh7+ 70. Kf4 Qg7 71. g5 b5 72. h6 Qg6 {White
resigns} 0-1

[Event "Team 45 45 League T62"]
[Site "Internet Chess Club"]
[Date "2014.10.20"]
[Round "8"]
[White "JohLeb"]
[Black "QuimCatala"]
[Result "0-1"]
[WhiteElo "1345"]
[BlackElo "1348"]
[Opening "QGD: Chigorin defense"]
[ECO "D07"]
[Time "13:00:12"]
[TimeControl "2700+45"]

1. d4 d5 2. c4 Nc6 3. Nc3 Nf6 4. Bg5 e6 5. Nf3 Be7 6. e3 O-O 7. a3 b6 8. Bd3 Re8
9. O-O dxc4 10. Bxc4 Bb7 11. Qc2 Nh5 12. Bxe7 Nxe7 13. Be2 Nf6 14. Rad1 Ned5 15.
Rd2 Rc8 16. Re1 Nxc3 17. bxc3 Qd5 18. c4 Qh5 19. Ne5 Qg5 20. Bf3 Bxf3 21. Nxf3
Qh5 22. e4 c6 23. Qd1 Qg4 24. h3 Qf4 25. Qc2 h6 26. e5 Nh7 27. Re4 Qf5 28. Nh4
Qg5 29. Rg4 Qe7 30. Qd3 f5 31. exf6 Qxf6 32. Rg6 Qxh4 33. Re2 Nf8 34. Rg4 Qf6
35. Re3 Rcd8 36. Rf3 Qe7 37. Qe3 g5 38. h4 Nh7 39. hxg5 hxg5 40. Rh3 Rf8 41. Rh5
Rf5 42. f4 Rdf8 43. Kh2 R8f7 44. fxg5 Qd6+ 45. Kh3 Qe7 46. g6 Rxh5+ 47. Kg3 Qd6+
48. Rf4 Rxf4 49. gxh7+ Rxh7 50. Qxf4 Qxf4+ 51. Kxf4 Kf7 52. Ke5 Ke7 {White
resigns} 0-1

[Event "Team 45 45 League T62"]
[Site "Internet Chess Club"]
[Date "2014.10.19"]
[Round "8"]
[White "unclevinny"]
[Black "SALJOMA"]
[Result "1-0"]
[WhiteElo "1587"]
[BlackElo "1440"]
[Opening "Sicilian: Canal-Sokolsky attack, 3...Bd7"]
[ECO "B52"]
[Time "18:00:09"]
[TimeControl "2700+45"]

1. e4 c5 2. Nf3 d6 3. Bb5+ Bd7 4. Bxd7+ Qxd7 5. c3 Nf6 6. d3 e6 7. Bg5 Be7 8.
Qe2 Nc6 9. O-O Qc7 10. Nbd2 b5 11. Rfe1 e5 12. Nf1 O-O 13. Ne3 Rae8 14. Bxf6
Bxf6 15. Nd5 Qd8 16. Nxf6+ Qxf6 17. a4 b4 18. Nd2 Qg6 19. Nc4 f5 20. exf5 Rxf5
21. Qe4 Ne7 22. Ne3 Rf4 23. Qxg6 Nxg6 24. Nd5 Rf7 25. f3 Ref8 26. Re4 Nf4 27.
Nxf4 Rxf4 28. Kf2 R4f5 29. cxb4 d5 30. Re2 cxb4 31. Rc1 a5 32. Rc5 g5 33. Rxd5
g4 34. Rdxe5 gxf3 35. Rxf5 fxe2 36. Rxf8+ Kxf8 37. Kxe2 Kf7 38. Ke3 Ke6 39. Ke4
h5 40. g3 Kd6 41. b3 Kc5 42. h3 Kd6 43. g4 hxg4 44. hxg4 Ke6 45. d4 Ke7 46. Ke5
Kd7 47. g5 Ke7 48. d5 Ke8 49. Ke6 Kd8 50. g6 Ke8 51. g7 Kd8 52. g8=Q+ Kc7 53.
d6+ Kc6 54. Qc8+ Kb6 55. Qc7+ Ka6 56. Qc6+ Ka7 57. d7 Kb8 58. d8=Q+ Ka7 59.
Qda8# {Black checkmated} 1-0

[Event "Team 45 45 League T62"]
[Site "Internet Chess Club"]
[Date "2014.10.18"]
[Round "8"]
[White "SeniorCitizen"]
[Black "JOFRAN"]
[Result "1/2-1/2"]
[WhiteElo "1320"]
[BlackElo "1455"]
[Opening "Caro-Kann: advance variation"]
[ECO "B12"]
[Time "15:00:27"]
[TimeControl "2700+45"]

1. e4 c6 2. d4 d5 3. e5 Bf5 4. Ne2 e6 5. Ng3 Bg6 6. h4 h6 7. h5 Bh7 8. Nc3 Ne7
9. Bd3 Bxd3 10. Qxd3 Nc8 11. b3 Nb6 12. Bb2 N8d7 13. f4 f5 14. exf6 Qxf6 15.
Qg6+ Qxg6 16. hxg6 Bd6 17. Nce2 O-O 18. Nh5 Nf6 19. g3 Nbd7 20. O-O-O Nxh5 21.
Rxh5 Rf6 22. Rh3 Rxg6 23. Kb1 Rf8 24. Bc1 Nf6 25. Be3 Ng4 26. Rd3 Nxe3 27. Rxe3
Ba3 28. c3 Bd6 29. c4 Rc8 30. c5 Bc7 31. b4 b5 32. Ra3 Bb8 33. Kc2 Kf7 34. Rh5
Rc7 {Game drawn by mutual agreement} 1/2-1/2

[Event "Team 45 45 League T62"]
[Site "Internet Chess Club"]
[Date "2014.10.19"]
[Round "8"]
[White "smsxman"]
[Black "pmxpp"]
[Result "1-0"]
[WhiteElo "1503"]
[BlackElo "1310"]
[Opening "Four knights: Schultze-Müller gambit"]
[ECO "C47"]
[Time "10:02:56"]
[TimeControl "2700+45"]

1. e4 e5 2. Nf3 Nc6 3. Nc3 Nf6 4. Nxe5 Nxe5 5. d4 Bb4 6. dxe5 Nxe4 7. Bd2 Nxd2
8. Qxd2 O-O 9. Bc4 Qe7 10. Qe3 Re8 11. f4 d6 12. O-O-O Bxc3 13. Qxc3 dxe5 14.
Rhe1 Qf6 15. fxe5 Qf4+ 16. Kb1 Be6 17. Bd3 c6 18. g3 Qg5 19. h4 Qe7 20. b3 Bg4
21. Rc1 Rad8 22. Qc4 Qe6 23. Qf4 Re7 24. Bc4 Qf5 25. Bd3 Qxf4 26. gxf4 h5 27.
Be2 Bxe2 28. Rxe2 g6 29. Rg1 Kf8 30. Kb2 Rde8 31. Rd2 a6 32. a4 Rc8 33. Rgd1 Ke8
34. Rd6 Re6 35. R6d3 f6 36. Rg3 fxe5 37. fxe5 Rd8 38. Rdg1 Kf7 39. Rf1+ Ke7 40.
Rgf3 b5 41. a5 Rxe5 42. Rf7+ Ke6 43. R1f6+ Kd5 44. Rxg6 Re4 45. Rg5+ Ke6 46. Rh7
Rxh4 47. Rgxh5 Rxh5 48. Rxh5 Ra8 49. b4 Kd6 50. Kc3 Ra7 51. Kd4 Ra8 52. Rh6+ Kd7
53. Kc5 Rc8 54. Kb6 c5 55. bxc5 Rc7 56. Rh7+ Kd8 57. Rxc7 {Black resigns} 1-0